 Dungeon Crawl Stone Soup version 0.30-a0-743-gbfdf073431 (webtiles) character file.

Game seed: 17499438876203755384

171728 Bnni the Crack Shot (level 17, -4/98 (99) HPs)
             Began as a Deep Elf Hunter on Feb 6, 2023.
             Was the Champion of Hepliaklqana.
             Slain by chipmonk's ghost (12 damage)
             ... on level 4 of the Swamp on Feb 7, 2023.
             The game lasted 01:38:25 (28142 turns).

Bnni the Crack Shot (Deep Elf Hunter)              Turns: 28142, Time: 01:38:25

HP:   -4/98 (99)    AC: 13    Str:  8    XL:     17   Next: 14%
MP:   0/29          EV: 24    Int: 21    God:    Hepliaklqana [******]
Gold: 512           SH:  0    Dex: 24    Spells: 13/28 levels left

rFire   . . .      SeeInvis +    a - +2 longbow (flame)
rCold   + + .      Faith    .    (shield currently unavailable)
rNeg    . . .      Spirit   +    L - +2 toga "Victory" {*Victory Int+2 Slay+2 Clar}
rPois   .          Reflect  .    X - +3 crown of Dyrovepreva {rElec Int+2 SInv}
rElec   +          Harm     .    C - scarf {repulsion}
rCorr   +          Rampage  .    l - +2 pair of gloves of the Shoals {rCorr}
Will    +++..      Clarity  +    A - +2 pair of boots {Stlth+}
Stlth   +++                      o - amulet of guardian spirit
HPRegen 0.36/turn                B - +4 ring of slaying
MPRegen 0.21/turn                k - ring of the Quahog {Wiz rElec rC++ Will++}

@: lightly drained, repel missiles
A: reduced essence
}: 1/15 runes: decaying
a: Renounce Religion, Recall Ancestor, Ancestor Identity, Transference, Idealise


You were on level 4 of the Swamp.
You worshipped Hepliaklqana.
Hepliaklqana was exalted by your worship.
You visited 5 branches of the dungeon, and saw 27 of its levels.
You also visited: Gauntlet.

You collected 2688 gold pieces.
You spent 2176 gold pieces at shops.

Inventory:

Hand Weapons
 a - a +2 longbow of flaming (weapon)
 K - a +2 longbow of electrocution
Missiles
 j - 8 curare-tipped darts
Armour
 l - the +2 pair of gloves of the Shoals (worn) {rCorr}
   (You found it in a Gauntlet)

   rCorr:     It protects you from acid and corrosion.
 A - a +2 pair of boots of stealth (worn)
 C - a scarf of repulsion (worn)
 L - the +2 toga "Victory" (worn) {*Victory Int+2 Slay+2 Clar}
   (You found it on level 1 of the Lair of Beasts)

   *Victory:  When the wearer kills a threatening monster, it has a chance to
   gain +1 AC, +1 Slay, and +1 Int, capping at +7.
   When the wearer uses a scroll or a potion with a hostile monster in sight,
   its bonuses reset to +0.
   Unequipping it also resets its bonuses to +0.
   Int:       It affects your intelligence (+2).
   Slay:      It affects your accuracy & damage with ranged weapons and melee
   (+2).
   Clar:      It protects you against confusion.
 M - an orb of guile
 X - the +3 crown of Dyrovepreva (worn) {rElec Int+2 SInv}
   (You bought it in a shop on level 2 of the Orcish Mines)

   Int:       It affects your intelligence (+2).
   rElec:     It insulates you from electricity.
   SInv:      It lets you see invisible.
Jewellery
 d - a ring of positive energy
 k - the ring of the Quahog (right hand) {Wiz rElec rC++ Will++}
   (You found it on level 4 of the Lair of Beasts)

   [ring of wizardry]

   It improves your spell success rate.
   rC:        It greatly protects you from cold.
   rElec:     It insulates you from electricity.
   Will:      It greatly increases your willpower.
 m - a ring of poison resistance
 o - an amulet of guardian spirit (around neck)
 p - a ring of fire
 x - a ring of flight
 B - a +4 ring of slaying (left hand)
 J - a ring of positive energy
 P - a ring of fire
Wands
 c - a wand of quicksilver (3)
 f - a wand of roots (25)
 y - a wand of digging (8)
 T - a wand of mindburst (15)
Scrolls
 b - 5 scrolls of immolation
 e - 5 scrolls of fog
 g - 3 scrolls of vulnerability
 i - 3 scrolls of brand weapon
 q - 4 scrolls of magic mapping
 r - 4 scrolls of enchant weapon
 s - 7 scrolls of blinking
 u - 2 scrolls of enchant armour
 w - 5 scrolls of fear
 F - 4 scrolls of poison
 H - 10 scrolls of teleportation
 I - 4 scrolls of amnesia
 Z - 5 scrolls of identify
Potions
 h - 6 potions of ambrosia
 n - a potion of brilliance
 t - 3 potions of lignification
 z - a potion of invisibility
 D - 2 potions of resistance
 G - a potion of berserk rage
 N - 6 potions of attraction
 Q - 5 potions of magic
 R - 3 potions of haste
 S - 3 potions of cancellation
 U - 5 potions of curing
 V - 5 potions of heal wounds
 Y - a potion of mutation
Miscellaneous
 W - a tin of tremorstones (2/2)


   Skills:
 * Level 13.9 Fighting
 - Level 22.0 Ranged Weapons
 - Level 5.0 Armour
 + Level 13.8 Dodging
 - Level 1.2 Stealth
 - Level 6.0 Spellcasting
 - Level 8.0 Hexes
 + Level 8.8 Necromancy
 - Level 4.0 Translocations
 - Level 5.0 Earth Magic
 + Level 14.0 Invocations


You had 13 spell levels left.
You knew the following spells:

 Your Spells              Type           Power      Damage    Failure   Level
a - Apportation           Tloc           46%        N/A       1%          1
b - Blink                 Tloc           46%        N/A       1%          2
d - Borgnjor's Vile Clut  Necr/Erth      17%        N/A       6%          5
f - Summon Guardian Gole  Hex/Summ       23%        N/A       2%          3
h - Anguish               Hex/Necr       20%        N/A       1%          4

Your spell library contained the following spells:

 Spells                   Type           Power      Damage    Failure   Level
 Necrotise                Necr           100%       1d9       1%          1
 Sandblast                Erth           54%        2d13      1%          1
 Ensorcelled Hibernation  Hex/Ice        46%        N/A       1%          2
 Lesser Beckoning         Tloc           46%        N/A       1%          2
 Animate Dead             Necr           43%        N/A       1%          4
 Momentum Strike          Conj/Tloc      28%        3d8       2%          2
 Passwall                 Tmut/Erth      13%        N/A       2%          2
 Magic Dart               Conj           24%        1d4       4%          1
 Summon Small Mammal      Summ           24%        N/A       4%          1
 Stone Arrow              Conj/Erth      32%        3d9       4%          3
 Vhi's Electric Charge    Tloc/Air       28%        N/A       5%          3
 Call Imp                 Summ           6%         N/A       6%          2
 Static Discharge         Conj/Air       12%        2-3/arc   6%          2
 Kindle Blastsparks       Fire/Tloc/Air  22%        2d11      7%          3
 Fulminant Prism          Conj/Hex       11%        3d9       8%          4
 Call Canine Familiar     Summ           6%         N/A       12%         3
 Frozen Ramparts          Ice            12%        1d2       12%         3
 Hailstorm                Conj/Ice       6%         3d4       12%         3
 Mephitic Cloud           Conj/Pois/Air  6%         N/A       12%         3
 Spider Form              Tmut/Pois      6%         N/A       12%         3
 Petrify                  Tmut/Erth      16%        N/A       14%         4
 Lee's Rapid Deconstruct  Erth           13%        3d9*      14%         5
 Iskenderun's Mystic Bla  Conj/Tloc      14%        2d5       16%         4
 Metabolic Englaciation   Hex/Ice        11%        N/A       21%         5
 Ice Form                 Ice/Tmut       6%         N/A       34%         4
 Summon Ice Beast         Ice/Summ       6%         N/A       34%         4
 Simulacrum               Ice/Necr       12%        N/A       65%         6
 Arcjolt                  Conj/Air       3%         1d13      69%         5
 Fireball                 Conj/Fire      3%         3d4       69%         5
 Iskenderun's Battlesphe  Conj           6%         2d6       69%         5
 Lightning Bolt           Conj/Air       3%         1d14      69%         5
 Statue Form              Tmut/Erth      10%        N/A       88%         6
 Conjure Ball Lightning   Conj/Air       3%         3x3d6     99%         6
 Haunt                    Necr/Summ      12%        N/A       99%         7
 Infestation              Necr           21%        N/A       99%         8
 Orb of Destruction       Conj           3%         9d5       100%        7
 Necromutation            Tmut/Necr      12%        N/A       100%        8


Dungeon Overview and Level Annotations

Branches:
Dungeon (15/15)            Temple (1/1) D:5            Lair (5/5) D:8
  Swamp (4/4) Lair:3       Spider (0/4) Lair:2        Slime (0/5) Lair:5
    Orc (2/2) D:10            Elf (0/3) Orc:2        Vaults (0/5) D:14
 Depths (0/4) D:15        Gauntlet (visited)

Altars:
Cheibriados
Dithmenos
Elyvilon
Hepliaklqana
Kikubaaqudgha
Makhleb
Nemelex Xobeh
Okawaru
Qazlal
Ru
Trog
Uskayaw
Vehumet
Xom
Yredelemnul
Zin
The Shining One
Jiyva

Shops:
Orc:2 [=*=(

Portals:
Trove: D:13 (give 15 potions of curing)

Annotations:
D:8 2 transporters, bezhaha's ghost, novice OgRe
Swamp:4 chipmonk's ghost, adept MiBe


Message History

The arrow hits chipmonk's ghost but does no damage.
Chipmonk's ghost is severely damaged.
Your guardian golem overheats!
You shoot an arrow. The arrow hits chipmonk's ghost!
Chipmonk's ghost is severely damaged.
You shoot an arrow.
The arrow barely misses chipmonk's ghost.
You shoot an arrow.
The arrow completely misses chipmonk's ghost.
You shoot an arrow. The arrow hits chipmonk's ghost.
Chipmonk's ghost is severely damaged.
Chipmonk's ghost hits you! Chipmonk's ghost burns you.
Your magical contamination has completely faded away.
You shoot an arrow.
The arrow closely misses chipmonk's ghost.
You shoot an arrow.
The arrow hits chipmonk's ghost but does no damage.
Chipmonk's ghost is severely damaged.
Chipmonk's ghost hits you! Chipmonk's ghost burns you!
Unknown command.
Casting: Summon Guardian Golem (mildly dangerous; 2% risk of failure)
Confirm with . or Enter, or press ? or * to list all spells.
You can't see any susceptible monsters within range! (Use Z to cast anyway.) Unknown command.
Aiming: Quicksilver Bolt
Press: ? - help, Shift-Dir - straight line, f/p - chipmonk's ghost
Aim: chipmonk's ghost, wielding a weapon of flaming (severely damaged, ally target, 60% to hit)
The bolt of dispelling energy hits chipmonk's ghost.
Chipmonk's ghost is severely damaged.
Chipmonk's ghost hits you but does no damage.
Throw: boomerang (disperse)
Press: ? - help, Shift-Dir - straight line, f/p - chipmonk's ghost
Aim: chipmonk's ghost, wielding a weapon of flaming (severely damaged, ally target, 67% to hit)
You throw a boomerang of dispersal.
The boomerang of dispersal hits chipmonk's ghost but does no damage.
Chipmonk's ghost is severely damaged.
Chipmonk's ghost hits you!!
* * * LOW HITPOINT WARNING * * *
Chipmonk's ghost burns you!
You die...

♣♣♣~~.♣~~♣ ♣♣♣~..♣♣.§~~~~~~~.♣
♣♣♣.~~~~♣♣♣♣~..~~♣♣~~~~~~~~~~♣♣
♣~♣♣.~~.♣♣..)~~†~.♣♣~~~~~~~~~.♣
♣♣.♣♣♣♣♣♣~.§~...♣♣♣♣♣♣♣~~~~~§.♣
♣.~♣♣♣♣~~..~~~~♣♣♣ ♣♣~~~~~~♣♣
..~~~~...~~~~~~~~♣ ♣♣♣~~~~~~~♣
~♣.~~~.♣♣~....~~.♣♣
♣♣~.♣♣.~~.♣♣
♣♣♣...~♣♣♣♣♣♣.~~.~♣♣♣~♣♣♣♣~..♣♣
♣♣♣♣♣..♣ ♣...@~♣♣§♣♣...~~.~♣
.♣♣♣♣♣♣♣ ♣♣..W♣♣.~.~..[~~.♣♣
~...♣♣♣♣♣♣ ♣♣~9~.♣~~~..~~~~.♣
♣.~.♣♣~~~♣♣♣♣.~~☼~.~~~~~~)~.♣♣
.~~...~~~~~~~~~°.§~~~~~~~~~.♣
~~~..~~~.~~~~~~~~○.~~~~~~~~^♣
~~~~~./~♣.~~~§.~♣~..~..~~~~~♣
.~~~.....~.~~~.♣♣♣♣~♣♣~~~~.♣♣♣♣
~.~..~~~~.~~~~~♣♣♣♣~......§§~.♣


You could see chipmonk's ghost (ally target) and a friendly guardian golem
(summoned, inner flame).

Vanquished Creatures
  Mara (Swamp:3)
  Bai Suzhen (Swamp:3)
  Nikola (Swamp:3)
  Jorgrun (D:12)
  A tentacled monstrosity (Swamp:2)
  A fenstrider witch (Swamp:4)
  The ghost of Xenipam the Worldbinder, a journeyman BaSu of Hepliaklqana (Swamp:1)
  3 eleionomae
  A minotaur (Gauntlet)
  The ghost of hofbold the Thaumaturge, a journeyman DEIE of Sif Muna (D:12)
  4 bunyips
  2 dire elephants (Lair:5)
  Snorg (D:10)
  An ettin (D:15)
  An ogre mage (D:14)
  A hell beast (Gauntlet)
  4 vault guards (D:14)
  10 hydras
  4 centaur warriors
  3 ghost crabs
  A death knight (D:15)
  4 alligators
  4 death yaks (Lair:5)
  A catoblepas (D:13)
  3 tengu warriors
  4 boulder beetles
  Urug (D:10)
  4 two-headed ogres
  4 orc high priests (Orc:2)
  Sonja (Lair:2)
  9 spriggans
  Amaemon (Lair:3)
  3 goliath frogs (Swamp:3)
  A spectral anaconda (Lair:5)
  3 deep trolls (D:15)
  4 bog bodies
  3 spriggan druids (Swamp:4)
  Pikel (D:6)
  10 swamp dragons
  3 lindwurms (Swamp:4)
  An obsidian statue (Lair:5)
  3 orc knights (Orc:2)
  A deep elf pyromancer (D:14)
  3 orc sorcerers (Orc:2)
  2 fenstrider witch simulacra (Swamp:4)
  5 necromancers
  4 ugly things
  4 manticores
  5 will-o-the-wisps
  A worldbinder (Gauntlet)
  A spectral spriggan (Swamp:4)
  An oklob plant (Lair:1)
  5 cyclopes
  6 elephants (Lair:5)
  2 torpor snails
  A dire elephant skeleton (Lair:5)
  An orange demon (Lair:3)
  13 cane toads
  A gargoyle (D:11)
  A kobold demonologist (D:9)
  An efreet (D:14)
  Maggie (D:6)
  5 komodo dragons
  A tengu conjurer (D:15)
  5 rime drakes
  5 yaktaurs (D:14)
  A spectral death drake (Swamp:4)
  10 hornets
  9 trolls
  12 tyrant leeches
  22 blink frogs
  9 slime creatures (D:13)
  5 centaur simulacra
  A shadow (D:10)
  A culicivora (shapeshifter) (D:13)
  7 basilisks
  A wraith (D:13)
  4 wyverns
  60 yaks
  2 steam dragons
  A human (D:14)
  12 vampire mosquitoes
  17 swamp worms
  5 wargs
  10 water moccasins
  Duvessa (D:5)
  An acid dragon (D:10)
  5 ice beasts
  2 meliai simulacra (D:12)
  4 swamp drakes (Swamp:4)
  A black bear (D:7)
  15 orc warriors
  A sky beast (D:7)
  5 ogres
  2 boggarts (Gauntlet)
  7 centaurs
  An elephant skeleton (Lair:5)
  8 wolves
  2 phantoms (D:10)
  4 lemures (D:6)
  The ghost of Rustlers the Magician, an amateur DERe (D:3)
  3 kobold brigands
  11 bullfrogs
  8 necrophages
  8 scorpions
  A cane toad simulacrum (Lair:5)
  A gnoll sergeant (D:7)
  10 wights
  Dowan (D:5)
  7 killer bees
  2 elephant simulacra (Lair:5)
  An electric eel (D:8)
  A crimson imp (D:9)
  6 howler monkeys
  3 jellies (Lair:5)
  A wyvern simulacrum (Gauntlet)
  3 gnoll boudas
  6 hounds
  10 orc priests
  6 iguanas
  13 orc wizards
  2 hell rats (Lair:5)
  5 ogre zombies (D:10)
  2 boggart simulacra (Gauntlet)
  Robin (D:3)
  8 gnolls
  9 adders
  2 shadow imps
  An ufetubus (D:5)
  4 worms
  A dart slug (D:1)
  45 orcs
  6 ball pythons
  3 bats
  4 endoplasms
  2 giant cockroaches
  17 goblins
  9 hobgoblins
  12 jackals
  18 kobolds
  5 frilled lizards
  2 goblin skeletons (D:10)
  6 goblin zombies (D:10)
  A hobgoblin zombie (D:10)
  6 orc zombies (D:10)
  4 rats
  A withered plant (Lair:5)
714 creatures vanquished.

Vanquished Creatures (collateral kills)
  An orc warlord (Orc:2)
  An eleionoma (Swamp:1)
  Nessos (D:12)
  A bunyip (Swamp:4)
  Fannar (D:10)
  A vault guard (D:14)
  5 hydras
  Erica (D:11)
  A ghost crab (Swamp:2)
  A boulder beetle (D:14)
  3 two-headed ogres
  A goliath frog (Swamp:2)
  2 swamp dragons (Swamp:4)
  A bog body (Swamp:1)
  A deep elf archer (D:14)
  A necromancer (Lair:5)
  A fenstrider witch simulacrum (Swamp:4)
  An orc knight (Orc:2)
  An ugly thing (D:13)
  An orc sorcerer (Orc:2)
  A cyclops (D:9)
  A manticore (D:11)
  A will-o-the-wisp (Swamp:2)
  2 elephants (Lair:5)
  2 cane toads
  An unseen horror (D:12)
  Psyche (D:10)
  A komodo dragon (Lair:3)
  2 rime drakes (D:12)
  2 tyrant leeches
  2 hornets
  A blink frog (Lair:2)
  A slime creature (D:13)
  A shadow (D:11)
  A wraith (D:13)
  2 centaur simulacra
  A spriggan (Swamp:2)
  11 yaks
  A warg (Orc:2)
  2 swamp worms
  A water moccasin (D:8)
  A death drake simulacrum (Swamp:4)
  A meliai simulacrum (D:12)
  4 orc warriors
  A bullfrog (D:8)
  A gnoll sergeant (D:7)
  4 killer bees
  3 crimson imps (D:9)
  An orc priest (D:7)
  3 orc wizards
  3 ogre zombies (D:10)
  A gnoll (D:7)
  5 orcs
  A hobgoblin (D:7)
  A goblin zombie (D:10)
  A hobgoblin skeleton (D:10)
  A hobgoblin zombie (D:10)
  7 orc zombies (D:10)
  3 butterflies (Lair:4)
107 creatures vanquished.

Vanquished Creatures (others)
  2 spectral fenstrider witches (Swamp:4)
  An ogre mage (D:14)
  A spectral death drake (Swamp:4)
  A tyrant leech (Swamp:3)
  2 swamp worms
  3 ancestors
  13 knights
  14 foxfires
  29 fungi
  66 plants
  25 withered plants
157 creatures vanquished.

Grand Total: 978 creatures vanquished

Notes
Turn   | Place    | Note
-------+----------+-------------------------------------------
     0 | D:1      | Bnni the Deep Elf Hunter began the quest for the Orb.
     0 | D:1      | Reached XP level 1. HP: 12/12 MP: 3/3
   339 | D:1      | Reached XP level 2. HP: 17/17 MP: 4/4
   477 | D:1      | Reached skill level 6 in Ranged Weapons
  1072 | D:2      | Identified the +1 robe of the Imp {Fly rCorr Str-2 Stlth+}
  1093 | D:2      | Reached XP level 3. HP: 21/21 MP: 5/5
  1377 | D:2      | Reached XP level 4. HP: 19/27 MP: 6/6
  1445 | D:2      | Reached skill level 7 in Ranged Weapons
  1768 | D:3      | Found a large runed translucent door.
  1768 | D:3      | Found a large runed translucent door.
  1770 | D:3      | Noticed Rustlers's ghost (amateur DERe)
  1980 | D:3      | Found a faded altar of an unknown god.
  2093 | D:3      | Found an iron altar of Okawaru.
  2352 | D:2      | HP: 1/27 [orc/+1 dagger of holy wrath (2)]
  2358 | D:2      | Reached XP level 5. HP: 6/31 MP: 7/7
  2498 | D:3      | Noticed Robin
  2508 | D:3      | Killed Robin
  2636 | D:3      | Killed Rustlers's ghost
  2637 | D:3      | Reached skill level 8 in Ranged Weapons
  2730 | D:4      | Reached XP level 6. HP: 29/37 MP: 8/8
  2776 | D:4      | Noticed an ice beast
  2785 | D:4      | Killed an ice beast
  2786 | D:4      | Reached skill level 9 in Ranged Weapons
  3269 | D:4      | Reached XP level 7. HP: 42/42 MP: 9/9
  3399 | D:4      | Reached skill level 10 in Ranged Weapons
  3648 | D:4      | Reached skill level 18 in Ranged Weapons
  3648 | D:4      | Reached XP level 8. HP: 48/48 MP: 10/10
  3858 | D:5      | Entered Level 5 of the Dungeon
  3927 | D:5      | Found a hide-covered altar of Uskayaw.
  4230 | D:5      | Noticed Duvessa
  4230 | D:5      | Noticed Dowan
  4277 | D:5      | Reached skill level 1 in Invocations
  4312 | D:5      | Killed Dowan
  4312 | D:5      | Killed Duvessa
  4340 | D:5      | Found a staircase to the Ecumenical Temple.
  4350 | Temple   | Entered the Ecumenical Temple
  4401 | Temple   | Became a worshipper of Hepliaklqana the Forgotten
  4694 | D:5      | Reached XP level 9. HP: 38/52 MP: 10/12
  4936 | D:6      | Noticed Maggie
  4960 | D:6      | Killed Maggie
  5430 | D:6      | Found a basalt altar of Yredelemnul.
  5606 | D:6      | Found a sacrificial altar of Ru.
  5812 | D:6      | Noticed Pikel
  5827 | D:6      | Killed Pikel
  5828 | D:6      | Reached skill level 5 in Fighting
  5828 | D:6      | Reached skill level 5 in Dodging
  5858 | D:6      | Found a sparkling altar of Nemelex Xobeh.
  6483 | D:7      | Reached XP level 10. HP: 12/59 MP: 14/14
  6919 | D:7      | Identified the +5 chain mail of the Orb {Rampage Will+++
                  | Dex-2 Stlth+}
  6931 | D:7      | Reached * piety under Hepliaklqana
  6995 | D:7      | Found a shadowy altar of Dithmenos.
  7602 | D:8      | Noticed bezhaha's ghost (novice OgRe)
  7605 | D:8      | Noticed a tengu warrior
  7757 | D:8      | Found a transporter.
  7767 | D:8      | Found a transporter.
  7771 | D:8      | Identified the +3 sling of Tuahuona {heavy, Fragile rC+
                  | Str+4}
  7785 | D:8      | Noticed a two-headed ogre
  7793 | D:8      | Killed a two-headed ogre
  8187 | D:8      | Found a staircase to the Lair.
  8284 | D:8      | Found a radiant altar of Vehumet.
  8474 | D:8      | Reached skill level 19 in Ranged Weapons
  8558 | D:9      | Reached ** piety under Hepliaklqana
  8559 | D:9      | Remembered your ancestor Tankster McGee as a knight
  8591 | D:9      | Noticed a two-headed ogre
  8599 | D:9      | Killed a two-headed ogre
  8600 | D:9      | Reached skill level 5 in Invocations
  8600 | D:9      | Reached XP level 11. HP: 59/59 MP: 16/16
  8612 | D:9      | Found a burning altar of Makhleb.
  8741 | D:9      | Found a shimmering altar of Xom.
 10060 | D:10     | Entered Level 10 of the Dungeon
 10072 | D:10     | Identified the +1 robe "Godyan" {Rampage Regen+ Str+2
                  | Int-5}
 10095 | D:10     | Found a staircase to the Orcish Mines.
 10218 | D:10     | Noticed Urug
 10228 | D:10     | Killed Urug
 10317 | D:10     | Noticed Snorg
 10337 | D:10     | Killed Snorg
 10383 | D:10     | Noticed a two-headed ogre
 10391 | D:10     | Killed a two-headed ogre
 10407 | D:10     | Noticed Psyche
 10412 | D:10     | Killed Psyche
 10671 | D:10     | Noticed Fannar
 10685 | D:10     | Killed Fannar
 11008 | D:10     | Reached *** piety under Hepliaklqana
 11267 | D:10     | Noticed a two-headed ogre
 11274 | D:10     | Killed a two-headed ogre
 11275 | D:10     | Reached XP level 12. HP: 45/66 MP: 18/20
 11554 | D:11     | Noticed a boulder beetle
 11568 | D:11     | Killed a boulder beetle
 11694 | D:11     | Identified the +7 rapier "Huhegup" {heavy, rF++ SInv}
 11701 | D:11     | Learned a level 4 spell: Anguish
 12207 | D:11     | Reached skill level 1 in Hexes
 12357 | D:11     | Noticed Erica
 12368 | D:11     | Killed Erica
 12404 | D:11     | Noticed a two-headed ogre
 12414 | D:11     | Killed a two-headed ogre
 12441 | D:11     | Reached **** piety under Hepliaklqana
 12724 | D:12     | Identified the +11 chain mail "Sirhytuwn" {Harm rElec MP-9
                  | Str+4}
 12762 | D:12     | Noticed Nessos
 12768 | D:12     | Killed Nessos
 12835 | D:12     | Found a runed translucent gate.
 12835 | D:12     | Found a runed translucent gate.
 12835 | D:12     | Found a runed translucent gate.
 12869 | D:12     | Noticed Jorgrun
 12879 | D:12     | Killed Jorgrun
 12880 | D:12     | Reached skill level 20 in Ranged Weapons
 12880 | D:12     | Reached skill level 1 in Armour
 12898 | D:12     | Reached skill level 5 in Hexes
 12915 | D:12     | Noticed a two-headed ogre
 12917 | D:12     | Noticed a two-headed ogre
 12920 | D:12     | Killed a two-headed ogre
 12924 | D:12     | Killed a two-headed ogre
 13114 | D:12     | Noticed hofbold's ghost (journeyman DEIE)
 13504 | D:12     | Killed hofbold's ghost
 13508 | D:12     | Reached XP level 13. HP: 72/72 MP: 21/21
 13700 | D:13     | Learned a level 2 spell: Blink
 13702 | D:13     | Learned a level 1 spell: Apportation
 13719 | D:13     | Reached skill level 1 in Necromancy
 13766 | D:13     | Reached skill level 10 in Dodging
 13879 | D:13     | Found a portal to a secret trove of treasure.
 14023 | D:13     | Reached skill level 1 in Translocations
 14679 | D:14     | Reached ***** piety under Hepliaklqana
 14692 | D:14     | Reached skill level 1 in Spellcasting
 15433 | D:14     | Reached skill level 21 in Ranged Weapons
 15488 | D:14     | Found a gate to the Vaults.
 15886 | D:14     | Reached skill level 5 in Necromancy
 15917 | D:14     | Reached XP level 14. HP: 18/77 MP: 23/23
 15924 | D:14     | Reached skill level 10 in Invocations
 16601 | D:15     | Entered Level 15 of the Dungeon
 16687 | D:15     | Found a staircase to the Depths.
 18069 | Lair:1   | Entered Level 1 of the Lair of Beasts
 18072 | Lair:1   | Identified the +3 leather armour of Leaves {Harm}
 18972 | Lair:1   | Found the +0 toga "Victory" {*Victory Clar}
 19307 | Lair:2   | Found a hole to the Spider Nest.
 19529 | Lair:2   | Noticed Sonja
 19541 | Lair:2   | Killed Sonja
 19646 | Lair:2   | Reached skill level 5 in Spellcasting
 19646 | Lair:2   | You fall into a shaft and drop 1 floor!
 19757 | Lair:3   | Reached skill level 10 in Fighting
 19990 | Lair:3   | Noticed Amaemon
 20005 | Lair:3   | Killed Amaemon
 20021 | Lair:3   | Found a staircase to the Swamp.
 20349 | Lair:4   | Reached skill level 22 in Ranged Weapons
 20385 | Lair:4   | Found a gate leading to a gauntlet.
 20414 | Gauntlet | Entered a Gauntlet
 20414 | Gauntlet | Found a transporter.
 20424 | Gauntlet | Found a transporter.
 20435 | Gauntlet | Found a transporter.
 20438 | Gauntlet | Found a transporter.
 20447 | Gauntlet | Found a transporter.
 20461 | Gauntlet | Found a runed translucent door.
 20463 | Gauntlet | Found a transporter.
 20465 | Gauntlet | Found a runed translucent door.
 20474 | Gauntlet | Found a transporter.
 20485 | Gauntlet | Found a runed translucent gate.
 20486 | Gauntlet | Found a transporter.
 20486 | Gauntlet | Found a runed translucent gate.
 20487 | Gauntlet | Found a runed translucent gate.
 20491 | Gauntlet | Found a transporter.
 20491 | Gauntlet | Found a transporter.
 20519 | Gauntlet | Found a transporter.
 20520 | Gauntlet | Reached ****** piety under Hepliaklqana
 20571 | Gauntlet | Found a transporter.
 20573 | Gauntlet | Found a transporter.
 20584 | Gauntlet | Found a transporter.
 20675 | Gauntlet | Identified the +2 pair of gloves of the Shoals {rCorr}
 20753 | Gauntlet | Identified the +1 helmet "Nidis" {Will+ Int+3}
 20781 | Gauntlet | Learned a level 3 spell: Summon Guardian Golem
 20808 | Gauntlet | Reached skill level 5 in Armour
 20808 | Gauntlet | Reached XP level 15. HP: 38/82 MP: 17/26
 20946 | Gauntlet | Identified the +2 leather armour "Adeosoaf" {rN+ Str-5
                  | Int+4 Dex+5}
 21168 | Lair:4   | Identified the ring of the Quahog {Wiz rElec rC++ Will++}
 21172 | Lair:4   | Identified the +2 plate armour "Lelogh" {Int+4}
 21818 | Lair:5   | Entered Level 5 of the Lair of Beasts
 22699 | Lair:5   | Found a viscous altar of Jiyva.
 22707 | Lair:5   | Found a staircase to the Slime Pits.
 23130 | Orc:1    | Entered Level 1 of the Orcish Mines
 23261 | Orc:2    | Entered Level 2 of the Orcish Mines
 23261 | Orc:2    | Found Ginir's Antique Armour Emporium.
 23551 | Orc:2    | Found Nouck's General Store.
 23627 | Orc:2    | Found Ilounooh's Jewellery Emporium.
 23672 | Orc:2    | Found Jaebud's Antique Weapon Emporium.
 23729 | Orc:2    | Found a staircase to the Elven Halls.
 23818 | Orc:2    | Found Ezev's Jewellery Emporium.
 24030 | Orc:2    | Bought the +3 crown of Dyrovepreva {rElec Int+2 SInv} for
                  | 952 gold pieces
 24030 | Orc:2    | Found the +3 crown of Dyrovepreva {rElec Int+2 SInv}
 24065 | Orc:2    | Bought a +4 ring of slaying for 858 gold pieces
 24083 | Orc:2    | Bought a potion of curing for 36 gold pieces
 24083 | Orc:2    | Bought 2 potions of curing for 72 gold pieces
 24083 | Orc:2    | Bought a +2 pair of boots of stealth for 258 gold pieces
 24266 | Swamp:1  | Entered Level 1 of the Swamp
 24302 | Swamp:1  | Found a runed translucent gate.
 24302 | Swamp:1  | Found a runed translucent gate.
 24302 | Swamp:1  | Found a runed translucent gate.
 24302 | Swamp:1  | Noticed Xenipam's ghost (journeyman BaSu)
 24953 | Swamp:1  | Killed Xenipam's ghost
 24954 | Swamp:1  | Reached XP level 16. HP: 90/90 MP: 25/27
 25383 | Swamp:2  | Noticed a tentacled monstrosity
 25390 | Swamp:2  | Killed a tentacled monstrosity
 25774 | Swamp:3  | Noticed Nikola
 25785 | Swamp:3  | Killed Nikola
 25912 | Swamp:3  | Got the Octavo of the Catacomb
 25921 | Swamp:3  | Learned a level 5 spell: Borgnjor's Vile Clutch
 26036 | Swamp:3  | Noticed Mara
 26056 | Swamp:3  | Killed Mara
 26057 | Swamp:3  | Reached skill level 1 in Earth Magic
 26063 | Swamp:3  | Noticed Bai Suzhen
 26078 | Swamp:3  | Killed Bai Suzhen
 26449 | Swamp:4  | Entered Level 4 of the Swamp
 27113 | Swamp:4  | Reached skill level 5 in Earth Magic
 27266 | Swamp:4  | Got a decaying rune of Zot
 27301 | Swamp:4  | Reached XP level 17. HP: 64/99 MP: 25/29
 27620 | Swamp:4  | Found a runed translucent gate.
 27620 | Swamp:4  | Found a runed translucent gate.
 27620 | Swamp:4  | Found a runed translucent gate.
 27622 | Swamp:4  | Noticed chipmonk's ghost (adept MiBe)
 28142 | Swamp:4  | Slain by chipmonk's ghost

Illustrated notes

Levels and vault maps discovered:
D:1:      dpeg_arrival_circle_labyrinth_a, layout_basic, hex_medium,
          dreamdust_princess_corridor, chequers_serial_rivers_room_b
D:2:      layout_loops_ring
D:3:      layout_rooms, okawaru_metal_pillars_3, ebering_ghost_disaster_area,
          shapermc_ecumenical_altar_mp_highgroup, uniq_robin
D:4:      layout_basic
D:5:      layout_loops_ring, nicolae_uskayaw_dance_hall,
          minmay_temple_entry_mini_moons, nicolae_nh_ransacked_shop,
          uniq_duvessa
D:6:      layout_loops_ring, nicolae_ru_awakened_eye, overflow_temple_1_default,
          mainiacjoe_overflow_alcove_1, uniq_maggie, uniq_pikel
D:7:      kennysheep_housing_project, layout_rooms,
          grunt_dithmenos_smoke_and_mirrors, minmay_crystal_water,
          kennysheep_another_room
D:8:      layout_basic, old_standard_altar, erik_lair_orcish_takeover,
          gammafunk_ghost_arena, dreamdust_princess_bridge
D:9:      layout_basic, mainiacjoe_overflow_alcove_2, led_xom_imps,
          nicolae_eternal_life
D:10:     layout_stronghold, zombieorc2_lemuel, uniq_psyche, uniq_urug,
          uniq_fannar, uniq_snorg
D:11:     layout_loops_cross, lemuel_flame_loot_1, uniq_erica
D:12:     layout_roguey, gammafunk_ghost_icy, uniq_jorgrun, uniq_nessos
D:13:     layout_irregular_city, enter_trove_1, st_stairs_5,
          minmay_stone_trees_small
D:14:     layout_basic, grunt_vaults_entry_fortified, minmay_misc_feat_enclosed
D:15:     hangedman_depths_entry_civil_slaughter, layout_basic,
          bh_walls_and_bars, chequers_serial_rivers_marsh,
          kennysheep_flooded_box, dreamdust_deal_with_the_devil, nicolae_sextant
Temple:   compressed_dpeg_triangle_lava_temple
Lair:1:   layout_loops_ring, grunt_megastairs_1, serial_bayou_shore_a,
          lemuel_fruit_fields, infiniplex_staircase_pool
Lair:2:   lemuel_reptile_caves, layout_small_grid,
          nicolae_spider_entry_non_spiders, uniq_sonja
Lair:3:   layout_long_grid, swamp_mist, beast_lair_carwin_4, grunt_megastairs_4,
          uniq_amaemon
Lair:4:   layout_cave_pods, gauntlet_entry_generic, minmay_holes,
          roderic_carrion_pond, infiniplex_staircase_pool_2, lemuel_fruit_fields
Lair:5:   due_jungle_book, layout_regular_city, nicolae_slime_entry_field_trip,
          minivault_24
Swamp:1:  layout_basic_swamp, ebering_ghost_rock_garden,
          evilmike_swamp_ruin_house_1
Swamp:2:  layout_falls_marsh, evilmike_swamp_ruin_rubble_2
Swamp:3:  layout_falls_marsh, hangedman_swamp_ruin_hall, worms_lemuel,
          uniq_nikola, uniq_mara, uniq_bai_suzhen
Swamp:4:  swamp_alternative, layout_basic_swamp, gammafunk_ghost_necromancy
Orc:1:    layout_diamond_mine
Orc:2:    grunt_orc_gardens, layout_caves, grunt_orc_garden, grunt_orc_garden,
          grunt_orc_garden, grunt_orc_garden, serial_shops,
          nicolae_shop_waterfront, nicolae_orc_crystal_geode

Skill      XL: |  1  2  3  4  5  6  7  8  9 10 11 12 13 14 15 16 17 |
---------------+----------------------------------------------------+-----
Ranged Weapons | 6 7 8 9 18 19 20 21 22 | 22.0
Fighting       | 2 3 4 5 6 8 9 10 12 13 | 13.9
Dodging        | 3 5 7 8 9 10 12 13 | 13.8
Invocations    | 1 3 5 8 9 10 12 13 14 | 14.0
Hexes          | 6 8 |  8.0
Armour         | 1 3 5 |  5.0
Necromancy     | 5 8 |  8.8
Translocations | 3 4 |  4.0
Spellcasting   | 2 6 |  6.0
Earth Magic    | 5 |  5.0
Stealth        | |  1.2

Action                     |  1- 3 |  4- 6 |  7- 9 | 10-12 | 13-15 | 16-18 || total
---------------------------+-------+-------+-------+-------+-------+-------++-------
  Melee: Shortbow          |       |     1 |       |     1 |       |       ||     2
   Fire: Shortbow          |    92 |   170 |   391 |   702 |       |       ||  1355
         Longbow           |       |       |       |    77 |  1226 |   484 ||  1787
         Arbalest          |       |       |       |     4 |       |       ||     4
  Throw: Dart              |       |       |    12 |     8 |     1 |       ||    21
         Boomerang         |       |       |       |     2 |       |     1 ||     3
   Cast: Anguish           |       |       |       |       |    20 |     2 ||    22
         Summon Guardian G |       |       |       |       |     6 |    12 ||    18
         Borgnjor's Vile C |       |       |       |       |       |     2 ||     2
 Invoke: Ancestor Life: Kn |       |       |       |     1 |       |       ||     1
         Ancestor Identity |       |       |       |     1 |       |       ||     1
         Recall Ancestor   |       |       |       |     1 |     2 |     1 ||     4
         Transference      |       |       |       |       |     1 |       ||     1
  Evoke: Wand              |       |     1 |     2 |     2 |     2 |     2 ||     9
    Use: Potion            |       |     4 |     1 |     3 |     6 |     2 ||    16
         Scroll            |       |     5 |     5 |     8 |    13 |       ||    31
 Armour: Leather armour    |     2 |       |       |       |       |       ||     2
         Robe              |     7 |    12 |    18 |    23 |    27 |    16 ||   103
         Skin              |       |       |       |     5 |    23 |       ||    28
  Dodge: Dodged            |    31 |    60 |    87 |   150 |   119 |    55 ||   502
         Repelled          |       |       |       |       |       |     1 ||     1

Table legend: (Time is in decaauts)
 A = Elapsed time spent in this place.
 B = Non-inter-level travel time spent in this place.
 C = Inter-level travel time spent in this place.
 D = Time resting spent in this place.
 E = Time spent auto-exploring this place.
 F = Levels seen in this place.
 G = Mean time per level.
                   A        B        C        D        E       F      G
               +--------+--------+--------+--------+--------+-----+--------+
         Total |  27425 |  25588 |   1837 |   4508 |  16392 |  28 |  979.5 |
       Dungeon |  17951 |  16692 |   1259 |   3274 |  10602 |  15 | 1196.7 |
        Temple |     67 |     52 |     15 |      0 |     42 |   1 |   67.0 |
          Lair |   4118 |   3784 |    334 |    114 |   2938 |   5 |  823.6 |
         Swamp |   3834 |   3708 |    126 |    831 |   2200 |   4 |  958.5 |
  Orcish Mines |    927 |    825 |    102 |    155 |    467 |   2 |  463.5 |
      Gauntlet |    526 |    526 |      0 |    134 |    142 |   1 |  526.0 |
               +--------+--------+--------+--------+--------+-----+--------+

Top non-repeatable levels by time:
    D:14: 2102 daAuts
     D:9: 1706 daAuts
    D:10: 1417 daAuts
     D:7: 1308 daAuts
     D:6: 1279 daAuts
 Swamp:3: 1262 daAuts
    D:15: 1236 daAuts
    D:11: 1181 daAuts
 Swamp:4: 1168 daAuts
  Lair:5: 1098 daAuts
    D:12: 1066 daAuts
     D:1: 1060 daAuts
     D:8: 1003 daAuts
  Lair:1: 966 daAuts
     D:2: 952 daAuts
